 Dungeon Sprint DCSS version 0.31-a0-940-gdaa99269f9 (webtiles) character file.

Game seed: 8910885196910052457

8100000 dialectric the Teletunneler (level 27, -30/227 (249) HPs)
             Began as a Formicid Warper on Oct 20, 2023.
             Was the Champion of Makhleb.
             Killed from afar by a wretched soul (64 damage)
             ... with a bolt of negative energy
             ... in the Dungeon (Sprint VIII: "Arena of Blood").
             The game lasted 00:03:31 (81 turns).

dialectric the Teletunneler (Formicid Warper)         Turns: 81, Time: 00:03:32

HP:   -30/227 (249) AC:  6    Str: 27    XL:     27
MP:   21/54         EV: 25    Int: 16    God:    Makhleb [******]
Gold: 0             SH:  0    Dex: 13    Spells: 80/80 levels left

rFire   . . .        g - +∞ Axe of Woe
rCold   . . .        (no shield)
rNeg    . . .        b - +0 leather armour
rPois   .            (helmet unavailable)
rElec   .            (no cloak)
rCorr   .            (no gloves)
SInv    +            (no boots)
Will    ++...        (no amulet)
Stlth   +++++++++    (no ring)
HPRegen 0.57/turn    (no ring)
MPRegen 0.34/turn

%: no passive effects
@: drained
A: permanent stasis, dig shafts and tunnels, antennae 3, four strong arms
a: Dig, Renounce Religion, Minor Destruction, Lesser Servant of Makhleb, Major
Destruction, Greater Servant of Makhleb


You were in the Dungeon.
You worshipped Makhleb.
Makhleb was exalted by your worship.
You visited 1 branch

Inventory:

Hand Weapons
 a - a +0 hand axe
 g - the +∞ Axe of Woe (weapon)
   (You found it in the Dungeon)
Missiles
 c - 7 darts of dispersal (quivered)
Armour
 b - a +0 leather armour (worn)
Potions
 d - a potion of curing
 e - a potion of heal wounds
 f - 2 potions of magic


   Skills:
 O Level 27 Fighting
 O Level 27 Short Blades
 O Level 27 Long Blades
 O Level 27 Axes
 O Level 27 Maces & Flails
 O Level 27 Polearms
 O Level 27 Staves
 O Level 27 Ranged Weapons
 O Level 27 Throwing
 O Level 27 Armour
 O Level 27 Dodging
 O Level 27 Stealth
 O Level 27 Shields
 O Level 27 Unarmed Combat
 O Level 27 Spellcasting
 O Level 27 Conjurations
 O Level 27 Hexes
 O Level 27 Summonings
 O Level 27 Necromancy
 O Level 27 Translocations
 O Level 27 Transmutations
 O Level 27 Fire Magic
 O Level 27 Ice Magic
 O Level 27 Air Magic
 O Level 27 Earth Magic
 O Level 27 Poison Magic
 O Level 27 Invocations
 O Level 27 Evocations
 O Level 27 Shapeshifting


You had 80 spell levels left.
You didn't know any spells.
Your spell library contained the following spells:

 Spells                   Type           Power      Damage    Failure   Level
 Lesser Beckoning         Tloc           100%       N/A       0%          2
 Teleport Other           Tloc           82%        N/A       0%          3
 Manifold Assault         Tloc           82%        N/A       0%          4
 Blink                    Tloc           Unusable   N/A       N/A         2
 Vhi's Electric Charge    Tloc/Air       Unusable   N/A       N/A         4

Dungeon Overview and Level Annotations

Branches:
Dungeon (1/1)

Altars:
Makhleb


Innate Abilities, Weirdness & Mutations

You cannot be hasted, slowed, berserked, paralysed or teleported.
You can dig through walls and to a lower floor.
You have a pair of large antennae on your head. (SInv)
Your four strong arms can wield two-handed weapons with a shield.


Message History

Makhleb accepts your kill.
You feel better.
You slash the meat berserker!
You chop the meat berserker into pieces.
You kill the meat berserker!
Makhleb accepts your kill.
You feel better.
A bag of meat comes into view. It is wielding a +9 war axe.
The dread throws damnation at you.
The sphere of damnation explodes!
The damnation engulfs you!! The dread throws damnation at you.
The sphere of damnation explodes!
The damnation engulfs you!!
The dread calls on the powers of darkness!
The bag of meat convulses! x2; Your body is wracked with pain!
The bag of meat convulses!
The meat berserker convulses!
You hear a shout! x2
Unknown command.
The dread calls on the powers of darkness!
The meat berserker convulses!
The bag of meat convulses! x2
Your body is wracked with pain!
* * * LOW HITPOINT WARNING * * *
The meat beast is engulfed in blazing flames.
The meat berserker is engulfed in blazing flames.
You carve the tyrant like a ham!!!
You pulverise the tyrant into a thin bloody mist.
You destroy the tyrant!
Makhleb accepts your kill.
You feel better.
The meat beast appears out of thin air!
A meat beast comes into view.
The meat beast is engulfed in blazing flames.
The accursed casts a spell at you. Something smites you!
* * * LOW HITPOINT WARNING * * *
The dread calls on the powers of darkness!
The meat berserker convulses!
The bag of meat convulses! x2
Your body is wracked with pain!
* * * LOW HITPOINT WARNING * * *
A bag of meat comes into view. It is wielding a +9 war axe.
The wretched soul breathes negative energy at you.
The bolt of negative energy hits you!!!
You feel drained.
You die...

####.......
#......... #........
{{.#.. #.......
,{.#... #...W.M,
##...#......
#..2..###o.....#.....
#....#.o.o...........
#...@..V.#...........
#....2.ooW#....o...#.
#....O○○○°)..#.....#.
#W..)=)§○)#o....)###.
#....#§§2°)...)).o.).
#....##.))2)).#.)))..
#.....#..)z)#)).....#
#W.....###W)))).....#
#.....##{..)#)).....#


You could see an accursed, 4 meat beasts, a destroyer, a sculptor of flesh, 4
dreads, a meat berserker (berserk), a wretched soul (invisible) and 6 bags of
meat.

Vanquished Creatures
  A hell beast (D)
  2 royal mummies (D)
  2 wraiths (D)
  Harold (D)
  12 vampire knights (D)
  35 ogres (D)
  8 two-headed ogres (D)
  5 liches (D)
  A phantom (D)
  101 orcs (D)
  4 skeletal warriors (D)
172 creatures vanquished.

Notes
Turn   | Place    | Note
-------+----------+-------------------------------------------
     0 | D        | Found the +∞ Axe of Woe
     0 | D        | dialectric the Formicid Warper began the quest for the Orb.
     0 | D        | Reached XP level 1. HP: 16/16 MP: 3/3
     2 | D        | Noticed a bag of meat
     4 | D        | Became a worshipper of Makhleb the Destroyer
     4 | D        | Noticed a bag of meat
     5 | D        | Noticed a meat berserker
     6 | D        | Noticed a bag of meat
     6 | D        | Noticed a bag of meat
     6 | D        | Noticed a bag of meat
     6 | D        | Noticed a meat berserker
     7 | D        | Noticed a bag of meat
     8 | D        | Noticed a bag of meat
     9 | D        | Noticed a bag of meat
     9 | D        | Killed a bag of meat
     9 | D        | Killed a meat berserker
     9 | D        | Reached * piety under Makhleb
     9 | D        | Noticed a bag of meat
     9 | D        | Noticed a bag of meat
    10 | D        | Reached skill level 10 in Dodging
    10 | D        | Reached XP level 2. HP: 39/39 MP: 3/16
    10 | D        | Reached XP level 3. HP: 45/45 MP: 3/17
    10 | D        | Reached XP level 4. HP: 52/52 MP: 3/19
    10 | D        | Reached XP level 5. HP: 58/58 MP: 3/20
    10 | D        | Reached XP level 6. HP: 65/65 MP: 3/22
    10 | D        | Reached XP level 7. HP: 71/71 MP: 3/23
    10 | D        | Reached XP level 8. HP: 78/78 MP: 3/25
    10 | D        | Reached XP level 9. HP: 83/83 MP: 3/26
    10 | D        | Reached XP level 10. HP: 90/90 MP: 3/27
    10 | D        | Reached XP level 11. HP: 96/96 MP: 3/28
    10 | D        | Reached XP level 12. HP: 103/103 MP: 3/29
    10 | D        | Reached XP level 13. HP: 109/109 MP: 3/30
    10 | D        | Killed a meat berserker
    10 | D        | Noticed a meat berserker
    10 | D        | Noticed a meat berserker
    10 | D        | Noticed a bag of meat
    10 | D        | Noticed a meat berserker
    10 | D        | Noticed a bag of meat
    11 | D        | Reached XP level 14. HP: 120/120 MP: 3/32
    11 | D        | Noticed a meat berserker
    11 | D        | Noticed a bag of meat
    11 | D        | Noticed a bag of meat
    11 | D        | Noticed a bag of meat
    12 | D        | Noticed a bag of meat
    12 | D        | Noticed a bag of meat
    12 | D        | Noticed a bag of meat
    12 | D        | Noticed a bag of meat
    12 | D        | Noticed a meat berserker
    13 | D        | Killed a meat berserker
    13 | D        | Killed a bag of meat
    13 | D        | Reached ** piety under Makhleb
    13 | D        | Killed a bag of meat
    13 | D        | Killed a bag of meat
    13 | D        | Killed a bag of meat
    13 | D        | Reached *** piety under Makhleb
    13 | D        | Noticed a meat berserker
    13 | D        | Noticed a bag of meat
    13 | D        | Noticed a bag of meat
    13 | D        | Noticed a bag of meat
    14 | D        | Reached skill level 5 in Armour
    14 | D        | Reached XP level 15. HP: 82/136 MP: 4/36
    14 | D        | Killed a meat berserker
    14 | D        | Reached **** piety under Makhleb
    14 | D        | Noticed a meat berserker
    15 | D        | Reached skill level 5 in Throwing
    15 | D        | Reached skill level 15 in Dodging
    15 | D        | Reached skill level 27 in Translocations
    15 | D        | Reached XP level 16. HP: 93/152 MP: 4/39
    15 | D        | Killed a meat berserker
    15 | D        | Killed a meat berserker
    15 | D        | Noticed a meat berserker
    16 | D        | Reached XP level 17. HP: 167/167 MP: 4/42
    16 | D        | Killed a meat berserker
    16 | D        | Reached ***** piety under Makhleb
    16 | D        | Noticed a meat berserker
    17 | D        | Reached XP level 18. HP: 177/177 MP: 4/44
    17 | D        | Noticed a meat berserker
    18 | D        | Killed a meat berserker
    19 | D        | Reached skill level 27 in Fighting
    19 | D        | Reached skill level 27 in Axes
    20 | D        | Noticed a meat berserker
    20 | D        | Noticed a large bag of meat
    21 | D        | Noticed a large bag of meat
    21 | D        | Killed a meat berserker
    21 | D        | Reached ****** piety under Makhleb
    22 | D        | Reached skill level 27 in Spellcasting
    22 | D        | Reached XP level 19. HP: 189/189 MP: 5/50
    22 | D        | Noticed a large bag of meat
    22 | D        | Killed a meat berserker
    22 | D        | Noticed a large bag of meat
    23 | D        | Reached skill level 15 in Armour
    23 | D        | Reached skill level 27 in Dodging
    23 | D        | Noticed a large bag of meat
    24 | D        | Reached XP level 20. HP: 197/197 MP: 6/51
    24 | D        | Noticed a meat berserker
    25 | D        | Reached skill level 27 in Throwing
    25 | D        | Reached skill level 27 in Armour
    25 | D        | Reached XP level 21. HP: 204/204 MP: 6/52
    25 | D        | Killed a meat berserker
    26 | D        | Reached skill level 5 in Poison Magic
    26 | D        | Noticed a meat berserker
    27 | D        | Reached skill level 5 in Conjurations
    27 | D        | Reached XP level 22. HP: 212/212 MP: 7/53
    28 | D        | Reached skill level 10 in Stealth
    28 | D        | Reached skill level 10 in Shields
    28 | D        | Reached skill level 10 in Transmutations
    28 | D        | Reached skill level 10 in Earth Magic
    28 | D        | Reached skill level 10 in Invocations
    28 | D        | Reached skill level 10 in Evocations
    28 | D        | Noticed a destroyer
    28 | D        | Noticed a meat berserker
    28 | D        | Noticed The Servant
    28 | D        | Noticed a destroyer
    29 | D        | Killed a large bag of meat
    29 | D        | Killed a meat berserker
    29 | D        | Noticed a meat berserker
    29 | D        | Noticed a destroyer
    30 | D        | Reached skill level 10 in Long Blades
    30 | D        | Reached skill level 10 in Maces & Flails
    30 | D        | Reached skill level 10 in Polearms
    30 | D        | Reached skill level 10 in Staves
    30 | D        | Reached skill level 10 in Ranged Weapons
    30 | D        | Reached skill level 10 in Unarmed Combat
    30 | D        | Reached XP level 23. HP: 174/219 MP: 7/54
    31 | D        | Reached skill level 10 in Conjurations
    31 | D        | Reached skill level 10 in Air Magic
    31 | D        | Reached skill level 15 in Poison Magic
    31 | D        | Noticed a destroyer
    31 | D        | Killed a large bag of meat
    32 | D        | Reached skill level 15 in Stealth
    32 | D        | Reached skill level 15 in Shields
    32 | D        | Reached skill level 15 in Earth Magic
    32 | D        | Reached skill level 15 in Invocations
    32 | D        | Reached XP level 24. HP: 191/227 MP: 8/54
    33 | D        | Reached skill level 15 in Hexes
    33 | D        | Reached skill level 15 in Transmutations
    33 | D        | Reached skill level 15 in Evocations
    33 | D        | Noticed a destroyer
    33 | D        | Killed a large bag of meat
    34 | D        | Killed a destroyer
    34 | D        | Killed a large bag of meat
    34 | D        | Killed a large bag of meat
    34 | D        | Killed The Servant
    35 | D        | Reached skill level 15 in Long Blades
    35 | D        | Reached skill level 15 in Maces & Flails
    35 | D        | Reached skill level 15 in Polearms
    35 | D        | Reached skill level 15 in Staves
    35 | D        | Reached skill level 15 in Ranged Weapons
    35 | D        | Reached skill level 15 in Unarmed Combat
    35 | D        | Reached XP level 25. HP: 138/234 MP: 9/54
    35 | D        | Noticed a destroyer
    36 | D        | Reached skill level 15 in Air Magic
    36 | D        | Reached XP level 26. HP: 228/242 MP: 9/54
    36 | D        | Noticed a destroyer
    36 | D        | Noticed a destroyer
    37 | D        | Reached skill level 15 in Conjurations
    37 | D        | Killed a destroyer
    38 | D        | Reached XP level 27. HP: 232/249 MP: 9/54
    38 | D        | Killed a destroyer
    39 | D        | Noticed a destroyer
    41 | D        | Killed a destroyer
    41 | D        | Noticed a destroyer
    42 | D        | Reached skill level 27 in Poison Magic
    42 | D        | Noticed a destroyer
    42 | D        | Killed a destroyer
    43 | D        | Killed a destroyer
    43 | D        | Killed a destroyer
    45 | D        | Reached skill level 27 in Stealth
    45 | D        | Reached skill level 27 in Shields
    45 | D        | Reached skill level 27 in Earth Magic
    45 | D        | Reached skill level 27 in Invocations
    46 | D        | Killed a destroyer
    48 | D        | Noticed a large bag of meat
    49 | D        | Killed a destroyer
    50 | D        | Reached skill level 27 in Hexes
    50 | D        | Killed a destroyer
    51 | D        | Reached skill level 27 in Transmutations
    51 | D        | Reached skill level 27 in Evocations
    52 | D        | Noticed an accursed
    52 | D        | Noticed a tyrant
    54 | D        | Noticed a tyrant
    55 | D        | Noticed a large bag of meat
    55 | D        | Noticed a tyrant
    56 | D        | Killed an accursed
    57 | D        | Reached skill level 27 in Short Blades
    57 | D        | Reached skill level 27 in Summonings
    57 | D        | Reached skill level 27 in Necromancy
    57 | D        | Reached skill level 27 in Fire Magic
    57 | D        | Reached skill level 27 in Ice Magic
    57 | D        | Reached skill level 27 in Shapeshifting
    57 | D        | Killed a tyrant
    59 | D        | Reached skill level 27 in Long Blades
    59 | D        | Reached skill level 27 in Polearms
    59 | D        | Reached skill level 27 in Staves
    59 | D        | Reached skill level 27 in Unarmed Combat
    59 | D        | Noticed an accursed
    59 | D        | Noticed a tyrant
    60 | D        | Noticed a dread
    60 | D        | Killed a destroyer
    60 | D        | Noticed a destroyer
    61 | D        | Reached skill level 27 in Maces & Flails
    61 | D        | Reached skill level 27 in Ranged Weapons
    61 | D        | Reached skill level 27 in Conjurations
    61 | D        | Reached skill level 27 in Air Magic
    61 | D        | Killed a large bag of meat
    62 | D        | Killed a large bag of meat
    62 | D        | Noticed a large bag of meat
    64 | D        | Killed a dread
    66 | D        | Noticed an accursed
    67 | D        | Noticed a dread
    67 | D        | Noticed a dread
    67 | D        | Killed a tyrant
    69 | D        | Killed a tyrant
    70 | D        | Killed a dread
    72 | D        | Killed an accursed
    73 | D        | Noticed a dread
    73 | D        | Killed a destroyer
    73 | D        | Killed a large bag of meat
    75 | D        | Noticed a destroyer
    76 | D        | Noticed a meat beast
    76 | D        | Noticed a tyrant
    77 | D        | Killed a tyrant
    77 | D        | Noticed a meat beast
    78 | D        | Noticed a dread
    78 | D        | Noticed a meat beast
    78 | D        | Noticed a meat beast
    78 | D        | Noticed a dread
    79 | D        | Killed a meat beast
    81 | D        | Killed a tyrant
    81 | D        | Killed from afar by a wretched soul

Illustrated notes

Levels and vault maps discovered:
D:        meatsprint

Skill      XL: |  1  2  3  4  5  6  7  8  9 10 11 12 13 14 15 16 17 18 19 20 21 22 23 24 25 26 27 |
---------------+----------------------------------------------------------------------------------+-----
Fighting       | 12 14 18 21 24 25 27 | 27.0
Axes           | 12 14 18 21 25 26 27 | 27.0
Throwing       | 3 4 5 6 12 21 27 | 27.0
Armour         | 3 4 5 7 13 23 27 | 27.0
Dodging        | 10 11 13 15 16 17 24 27 | 27.0
Spellcasting   | 13 14 17 19 21 22 27 | 27.0
Translocations | 20 22 26 27 | 27.0
Short Blades   | 7 11 13 16 17 19 27 | 27.0
Long Blades    | 6 10 12 15 16 17 27 | 27.0
Maces & Flails | 6 10 12 15 16 17 27 | 27.0
Polearms       | 6 10 12 15 16 17 27 | 27.0
Staves         | 6 10 12 15 16 17 27 | 27.0
Ranged Weapons | 6 10 12 15 16 17 27 | 27.0
Stealth        | 8 12 15 19 20 22 27 | 27.0
Shields        | 8 12 15 19 20 22 27 | 27.0
Unarmed Combat | 6 10 12 15 16 17 27 | 27.0
Conjurations   | 5 9 11 14 16 27 | 27.0
Hexes          | 7 11 14 17 18 20 27 | 27.0
Summonings     | 7 11 13 16 17 19 27 | 27.0
Necromancy     | 7 11 13 16 17 19 27 | 27.0
Transmutations | 8 12 14 18 19 20 27 | 27.0
Fire Magic     | 7 11 13 16 17 19 27 | 27.0
Ice Magic      | 7 11 13 16 17 19 27 | 27.0
Air Magic      | 6 9 11 14 15 16 27 | 27.0
Earth Magic    | 8 13 15 19 20 22 27 | 27.0
Poison Magic   | 9 14 17 21 22 24 27 | 27.0
Invocations    | 8 13 15 19 20 22 27 | 27.0
Evocations     | 8 12 14 18 19 20 27 | 27.0
Shapeshifting  | 7 11 13 16 17 19 27 | 27.0

Action                     |  1- 3 |  4- 6 |  7- 9 | 10-12 | 13-15 | 16-18 | 19-21 | 22-24 | 25-27 || total
---------------------------+-------+-------+-------+-------+-------+-------+-------+-------+-------++-------
  Melee: Executioner's axe |     1 |       |       |       |     3 |     4 |     5 |     7 |    36 ||    56
 Armour: Leather armour    |       |       |       |       |     3 |     4 |       |    14 |    33 ||    54
  Dodge: Dodged            |       |       |       |       |     1 |       |     1 |       |     5 ||     7

Table legend: (Time is in decaauts)
 A = Elapsed time spent in this place.
 B = Non-inter-level travel time spent in this place.
 C = Inter-level travel time spent in this place.
 D = Time resting spent in this place.
 E = Time spent auto-exploring this place.
 F = Levels seen in this place.
 G = Mean time per level.
                   A        B        C        D        E       F      G
               +--------+--------+--------+--------+--------+-----+--------+
         Total |     66 |     66 |      0 |      0 |      0 |   1 |   66.0 |
       Dungeon |     66 |     66 |      0 |      0 |      0 |   1 |   66.0 |
               +--------+--------+--------+--------+--------+-----+--------+

Top non-repeatable levels by time:
       D: 66 daAuts
